| TOP OF THE 1ST |
|
Pittsburgh Pirates batting - Pitching for Los Angeles Dodgers : RHP Justin Scheithauer
|
|
Pitching: RHP Justin Scheithauer
|
|
|
Batting: LHB Pat Sutton
|
0-0: Ball 1-0: Called Strike 1-1: DOUBLE (Line Drive, 5D, EV 95.6 MPH)
|
|
Batting: LHB Marc Carter
|
0-0: Called Strike 0-1: Ball 1-1: Ball 2-1: Fly out, F8 (Line Drive, 8RM, EV 88.1 MPH)
|
|
Batting: RHB Mike Thornton
|
0-0: Called Strike 0-1: Ball 1-1: Called Strike 1-2: Strikes out looking
|
|
Batting: RHB Mike Cochran
|
0-0: Called Strike 0-1: Ball 1-1: Fly out, F8 (Flyball, 8RD, EV 90.6 MPH)
|
| Top of the 1st over - 0 runs, 1 hit, 0 errors, 1 left on base; Pittsburgh 0 - Los Angeles 0 |
| BOTTOM OF THE 1ST |
|
Los Angeles Dodgers batting - Pitching for Pittsburgh Pirates : RHP Josh Allport
|
|
Pitching: RHP Josh Allport
|
|
|
Batting: SHB Joel Baker
|
0-0: Called Strike 0-1: Ball 1-1: Swinging Strike 1-2: Foul Ball, location: 2F 1-2: Fly out, F4 (Popup, 23, EV 91.9 MPH)
|
|
Batting: LHB Chris Ringwood
|
0-0: SINGLE (Line Drive, 8RS, EV 104.4 MPH)
|
|
Batting: LHB Bob Branham
|
0-0: Ball 1-0: Grounds out, U3 (Groundball, 3L, EV 85.0 MPH)
|
|
Batting: LHB Lirak Bazhunaishvili
|
0-0: Called Strike 0-1: Ball 1-1: Ball 2-1: Foul Ball, location: 2F 2-2: Ground out 5-3 (Groundball, 56, EV 100.0 MPH)
|
| Bottom of the 1st over - 0 runs, 1 hit, 0 errors, 1 left on base; Pittsburgh 0 - Los Angeles 0 |
| TOP OF THE 2ND |
|
Pittsburgh Pirates batting - Pitching for Los Angeles Dodgers : RHP Justin Scheithauer
|
|
Batting: RHB Pedro Nin
|
0-0: Ball 1-0: Called Strike 1-1: Ball 2-1: Ball 3-1: Foul Ball, location: 2F 3-2: Ground out 5-3 (Groundball, 5, EV 86.3 MPH)
|
|
Batting: RHB Kirk Seiffert
|
0-0: Called Strike 0-1: Reached on error, E6 (Groundball, 6S, EV 81.3 MPH)
|
|
Batting: RHB Toshimi Shishido
|
0-0: Ball 1-0: Ball Wild Pitch! Kirk Seiffert to second 2-0: Called Strike 2-1: Ball 3-1: Fly out, F8 (Flyball, 8LS, EV 80.6 MPH)
|
|
Batting: RHB David Contreras
|
0-0: Called Strike 0-1: Ball 1-1: Called Strike 1-2: Strikes out looking
|
| Top of the 2nd over - 0 runs, 0 hits, 1 error, 1 left on base; Pittsburgh 0 - Los Angeles 0 |
| BOTTOM OF THE 2ND |
|
Los Angeles Dodgers batting - Pitching for Pittsburgh Pirates : RHP Josh Allport
|
|
Batting: RHB Jorge Severiano
|
0-0: Called Strike 0-1: Ball 1-1: Swinging Strike 1-2: Ball 2-2: Strikes out swinging
|
|
Batting: RHB Tsutomu Irie
|
0-0: Ball 1-0: Ball 2-0: Ball 3-0: Called Strike 3-1: Called Strike 3-2: Base on Balls
|
|
Batting: SHB Carlos Rodriguez
|
0-0: Ball Tsutomu Irie steals 2nd base 1-0: Called Strike 1-1: Called Strike Tsutomu Irie steals 3rd base (no throw) 1-2: Strikes out looking
|
|
Batting: RHB Ben Mischnick
|
0-0: Ball 1-0: Foul Ball, location: 2F 1-1: Ground out 6-3 (Groundball, 6, EV 89.4 MPH)
|
| Bottom of the 2nd over - 0 runs, 0 hits, 0 errors, 1 left on base; Pittsburgh 0 - Los Angeles 0 |
| TOP OF THE 3RD |
|
Pittsburgh Pirates batting - Pitching for Los Angeles Dodgers : RHP Justin Scheithauer
|
|
Batting: RHB Raul Mendoza
|
0-0: Ball 1-0: Fly out, F9 (Flyball, 89XD, EV 97.5 MPH)
|
|
Batting: LHB Pat Sutton
|
0-0: Foul Ball, location: 2F 0-1: Foul Ball, location: 2F 0-2: Strikes out swinging
|
|
Batting: LHB Marc Carter
|
0-0: Ball 1-0: Called Strike 1-1: Swinging Strike 1-2: Ball 2-2: Fly out, F7 (Flyball, 7LM, EV 76.3 MPH)
|
| Top of the 3rd over - 0 runs, 0 hits, 0 errors, 0 left on base; Pittsburgh 0 - Los Angeles 0 |
| BOTTOM OF THE 3RD |
|
Los Angeles Dodgers batting - Pitching for Pittsburgh Pirates : RHP Josh Allport
|
|
Batting: LHB Dalton Silveira
|
0-0: Called Strike 0-1: Ground out U3 (Groundball, 3, EV 85.0 MPH)
|
|
Batting: SHB Joel Baker
|
0-0: Ball 1-0: Swinging Strike 1-1: Ball 2-1: SINGLE (Line Drive, 8RS, EV 92.5 MPH)
|
|
Batting: LHB Chris Ringwood
|
0-0: Called Strike 0-1: Called Strike Joel Baker steals 2nd, throwing error, E2 Joel Baker to third 0-2: Strikes out swinging
|
|
Batting: LHB Bob Branham
|
0-0: Foul Ball, location: 2F 0-1: Ball 1-1: Foul Ball, location: 2F 1-2: 2-RUN HOME RUN (Flyball, 9D, EV 94.4 MPH), Distance : 364 ft
|
|
Batting: LHB Lirak Bazhunaishvili
|
0-0: Ball 1-0: Ball 2-0: Ball 3-0: Called Strike 3-1: Base on Balls
|
|
Batting: RHB Jorge Severiano
|
0-0: Called Strike 0-1: Foul Ball, location: 2F 0-2: Ball Lirak Bazhunaishvili is caught stealing 2nd base 2-4
|
| Bottom of the 3rd over - 2 runs, 2 hits, 1 error, 0 left on base; Pittsburgh 0 - Los Angeles 2 |
| TOP OF THE 4TH |
|
Pittsburgh Pirates batting - Pitching for Los Angeles Dodgers : RHP Justin Scheithauer
|
|
Batting: RHB Mike Thornton
|
0-0: Ball 1-0: Swinging Strike 1-1: Ball 2-1: Ground out 6-3 (Groundball, 6, EV 95.0 MPH)
|
|
Batting: RHB Mike Cochran
|
0-0: Swinging Strike 0-1: Fly out, F8 (Line Drive, 8LM, EV 96.3 MPH)
|
|
Batting: RHB Pedro Nin
|
0-0: Ball 1-0: Ball 2-0: Foul Ball, location: 2F 2-1: Foul Ball, location: 2F 2-2: Foul Ball, location: 2F 2-2: Foul Ball, location: 2F 2-2: Ground out 4-3 (Groundball, 4M, EV 101.3 MPH)
|
| Top of the 4th over - 0 runs, 0 hits, 0 errors, 0 left on base; Pittsburgh 0 - Los Angeles 2 |
| BOTTOM OF THE 4TH |
|
Los Angeles Dodgers batting - Pitching for Pittsburgh Pirates : RHP Josh Allport
|
|
Batting: RHB Jorge Severiano
|
0-0: Swinging Strike 0-1: Ball 1-1: Ground out 5-3 (Groundball, 56, EV 85.6 MPH)
|
|
Batting: RHB Tsutomu Irie
|
0-0: Ball 1-0: Ball 2-0: Bunt for hit to 25 - play at first, batter safe!
|
|
Batting: SHB Carlos Rodriguez
|
0-0: Ball 1-0: Ball Tsutomu Irie steals 2nd base 2-0: Swinging Strike 2-1: Called Strike 2-2: Fly out, F6 (Popup, 6D, EV 61.3 MPH)
|
|
Batting: RHB Ben Mischnick
|
0-0: Ball 1-0: Ball 2-0: Called Strike 2-1: Foul Ball, location: 2F 2-2: Foul Ball, location: 2F 2-2: Ball 3-2: Strikes out swinging
|
| Bottom of the 4th over - 0 runs, 1 hit, 0 errors, 1 left on base; Pittsburgh 0 - Los Angeles 2 |
| TOP OF THE 5TH |
|
Pittsburgh Pirates batting - Pitching for Los Angeles Dodgers : RHP Justin Scheithauer
|
|
Pitching: RHP Jason Englert
|
|
|
Batting: RHB Kirk Seiffert
|
0-0: Ball 1-0: Ball 2-0: Ball 3-0: Called Strike 3-1: Called Strike 3-2: Strikes out looking
|
|
Batting: RHB Toshimi Shishido
|
0-0: Ground out 6-3 (Groundball, 6S, EV 90.6 MPH)
|
|
Batting: RHB David Contreras
|
0-0: Called Strike 0-1: Foul Ball, location: 2F 0-2: SINGLE (Groundball, 6S, EV 66.9 MPH) (infield hit)
|
|
Batting: RHB Raul Mendoza
|
0-0: Called Strike 0-1: Ball 1-1: Ball 2-1: SINGLE (Groundball, 56D, EV 103.1 MPH) David Contreras to second
|
|
Batting: LHB Pat Sutton
|
0-0: Called Strike 0-1: Swinging Strike 0-2: Ball 1-2: 3-RUN HOME RUN (Flyball, 9D, EV 97.5 MPH), Distance : 383 ft
|
|
Pitching: RHP Taylor Drews
|
|
|
Batting: LHB Marc Carter
|
0-0: Ground out 5-3 (Groundball, 56, EV 81.9 MPH)
|
| Top of the 5th over - 3 runs, 3 hits, 0 errors, 0 left on base; Pittsburgh 3 - Los Angeles 2 |
| BOTTOM OF THE 5TH |
|
Los Angeles Dodgers batting - Pitching for Pittsburgh Pirates : RHP Josh Allport
|
|
Pitching: RHP Justin West
|
|
|
Batting: LHB Dalton Silveira
|
0-0: Ball 1-0: Foul Ball, location: 2F 1-1: Ball 2-1: Ball 3-1: Base on Balls
|
|
Batting: SHB Joel Baker
|
0-0: Foul Ball, location: 2F 0-1: Called Strike 0-2: Foul Ball, location: 2F 0-2: Ball 1-2: Ball 2-2: Ball 3-2: Base on Balls Dalton Silveira to second
|
|
Batting: LHB Chris Ringwood
|
0-0: Called Strike 0-1: Foul Ball, location: 2F 0-2: Ball 1-2: Foul Ball, location: 2F 1-2: Fly out, F9 (Line Drive, 9D, EV 87.5 MPH) Runner from 2nd tags up, SAFE at 3rd, no throw by RF
|
|
Batting: LHB Bob Branham
|
0-0: Ground out 6-3 (Groundball, 4, EV 79.4 MPH) Joel Baker to second
|
|
Batting: LHB Lirak Bazhunaishvili
|
0-0: Ball 1-0: Called Strike 1-1: Foul Ball, location: 2F 1-2: DOUBLE (Flyball, 8RXD, EV 110.0 MPH) Dalton Silveira scores Joel Baker scores
|
|
Batting: RHB Jorge Severiano
|
0-0: Foul Ball, location: 2F 0-1: Ball 1-1: Called Strike 1-2: SINGLE (Line Drive, 9LM, EV 100.6 MPH) Lirak Bazhunaishvili to third Runner from 3rd tries for Home, SAFE, no throw by RF
|
|
Pitching: LHP Sam Richardson
|
|
|
Batting: RHB Tsutomu Irie
|
0-0: Called Strike 0-1: Ball 1-1: Called Strike 1-2: Strikes out swinging
|
| Bottom of the 5th over - 3 runs, 2 hits, 0 errors, 1 left on base; Pittsburgh 3 - Los Angeles 5 |
| TOP OF THE 6TH |
|
Pittsburgh Pirates batting - Pitching for Los Angeles Dodgers : RHP Taylor Drews
|
|
Batting: RHB Mike Thornton
|
0-0: Foul Ball, location: 2F 0-1: Fly out, F8 (Flyball, 8RD, EV 101.3 MPH)
|
|
Batting: RHB Mike Cochran
|
0-0: DOUBLE (Groundball, 5L, EV 95.6 MPH)
|
|
Batting: RHB Pedro Nin
|
0-0: Ball 1-0: Ball 2-0: Swinging Strike 2-1: Swinging Strike 2-2: Ball 3-2: Base on Balls
|
|
Pinch Hitting: LHB Theodore Conboy
|
0-0: Ball 1-0: Swinging Strike 1-1: Ball 2-1: Ball 3-1: Base on Balls Mike Cochran to third Pedro Nin to second
|
|
Batting: RHB Toshimi Shishido
|
0-0: Fielders Choice at 2nd, 3-6 (Groundball, 3, EV 84.4 MPH) Mike Cochran scores Pedro Nin to third
|
|
Pinch Hitting: RHB Eisse Bravenboer
|
0-0: Foul Ball, location: 2F 0-1: Ball 1-1: Foul Ball, location: 2F 1-2: Strikes out looking
|
| Top of the 6th over - 1 run, 1 hit, 0 errors, 2 left on base; Pittsburgh 4 - Los Angeles 5 |
| BOTTOM OF THE 6TH |
|
Los Angeles Dodgers batting - Pitching for Pittsburgh Pirates : LHP Sam Richardson
|
|
Now at 2B: Eisse Bravenboer
|
|
|
Now at 3B: Tommie Eaton
|
|
|
Now at SS: Pedro Nin
|
|
|
Batting: SHB Carlos Rodriguez
|
0-0: Called Strike 0-1: Swinging Strike 0-2: Fly out, F9 (Flyball, 9LD, EV 95.0 MPH)
|
|
Batting: RHB Ben Mischnick
|
0-0: Ball 1-0: Foul Ball, location: 2F 1-1: Ball 2-1: Foul Ball, location: 2F 2-2: SOLO HOME RUN (Flyball, 78XD, EV 116.9 MPH), Distance : 456 ft
|
|
Batting: LHB Dalton Silveira
|
0-0: Ball 1-0: Called Strike 1-1: Swinging Strike 1-2: Strikes out looking
|
|
Pinch Hitting: RHB Edwin Soto
|
0-0: Ball 1-0: Foul Ball, location: 2F 1-1: Foul Ball, location: 2F 1-2: Ball 2-2: Ball 3-2: Foul Ball, location: 2F 3-2: Foul Ball, location: 2F 3-2: Strikes out swinging
|
| Bottom of the 6th over - 1 run, 1 hit, 0 errors, 0 left on base; Pittsburgh 4 - Los Angeles 6 |
| TOP OF THE 7TH |
|
Pittsburgh Pirates batting - Pitching for Los Angeles Dodgers : RHP Taylor Drews
|
|
Now at C: Edwin Soto
|
|
|
Batting: RHB Raul Mendoza
|
0-0: Called Strike 0-1: Ball 1-1: Fly out, F8 (Flyball, 8LD, EV 81.9 MPH)
|
|
Pinch Hitting: RHB Steve Jordan
|
0-0: Ball 1-0: Ball 2-0: Called Strike 2-1: Called Strike 2-2: Foul Ball, location: 2F 2-2: SINGLE (Groundball, 5S, EV 70.0 MPH) (infield hit)
|
|
Batting: LHB Marc Carter
|
|
|
Pinch Hitting: SHB Marvin McAleer
|
0-0: Ball Steve Jordan is caught stealing 2nd base 2-6 1-0: Ball 2-0: Called Strike 2-1: Ball 3-1: Called Strike 3-2: Foul Ball, location: 2F 3-2: Foul Ball, location: 2F 3-2: Base on Balls
|
|
Batting: RHB Mike Bates
|
0-0: Ball Marvin McAleer steals 2nd base 1-0: Foul Ball, location: 2F 1-1: Called Strike 1-2: Ground out 4-3 (Groundball, 4M, EV 80.6 MPH)
|
| Top of the 7th over - 0 runs, 1 hit, 0 errors, 1 left on base; Pittsburgh 4 - Los Angeles 6 |
| BOTTOM OF THE 7TH |
|
Los Angeles Dodgers batting - Pitching for Pittsburgh Pirates : LHP Sam Richardson
|
|
Pitching: RHP Steve Grier
|
|
|
Now in LF: Steve Jordan
|
|
|
Now in CF: Marvin McAleer
|
|
|
Pinch Hitting: LHB Ryan Taylor
|
0-0: Ball 1-0: Foul Ball, location: 2F 1-1: Ground out U3 (Groundball, 34, EV 110.0 MPH)
|
|
Pinch Hitting: RHB John Manocchio
|
0-0: Ball 1-0: Foul Ball, location: 2F 1-1: Ball 2-1: Foul Ball, location: 2F 2-2: Foul Ball, location: 2F 2-2: Ball 3-2: Base on Balls
|
|
Pinch Hitting: RHB Clay Buchanan
|
0-0: Swinging Strike 0-1: Swinging Strike 0-2: Foul Ball, location: 2F 0-2: Strikes out swinging
|
|
Batting: RHB Justin Anastasio
|
0-0: Called Strike 0-1: Ball 1-1: Ball 2-1: Foul Ball, location: 2F 2-2: Fielders Choice at 2nd, 5-4 (Groundball, 56, EV 86.3 MPH)
|
| Bottom of the 7th over - 0 runs, 0 hits, 0 errors, 1 left on base; Pittsburgh 4 - Los Angeles 6 |
| TOP OF THE 8TH |
|
Pittsburgh Pirates batting - Pitching for Los Angeles Dodgers : RHP Taylor Drews
|
|
Pitching: RHP Chut-sai Teoh
|
|
|
Now at 1B: John Manocchio
|
|
|
Now in LF: Carlos Rodriguez
|
|
|
Now in CF: Clay Buchanan
|
|
|
Now in RF: Ryan Taylor
|
|
|
Batting: RHB Mike Cochran
|
0-0: Ball 1-0: Ball 2-0: Fly out, F7 (Line Drive, 7D, EV 98.1 MPH)
|
|
Batting: RHB Pedro Nin
|
0-0: Ball 1-0: Ground out 4-3 (Groundball, 4M, EV 84.4 MPH)
|
|
Batting: RHB Tommie Eaton
|
0-0: Ball 1-0: Ground out 6-3 (Groundball, 56, EV 110.6 MPH)
|
| Top of the 8th over - 0 runs, 0 hits, 0 errors, 0 left on base; Pittsburgh 4 - Los Angeles 6 |
| BOTTOM OF THE 8TH |
|
Los Angeles Dodgers batting - Pitching for Pittsburgh Pirates : RHP Steve Grier
|
|
Batting: RHB Tsutomu Irie
|
0-0: Ball 1-0: Swinging Strike 1-1: Fly out, F9 (Flyball, 9S, EV 88.8 MPH)
|
|
Pinch Hitting: RHB Dusty Pollert
|
0-0: Called Strike 0-1: Swinging Strike 0-2: Ball 1-2: Strikes out swinging
|
|
Pinch Hitting: RHB Isaiah Yarbrough
|
0-0: Called Strike 0-1: Foul Ball, location: 2F 0-2: Strikes out swinging
|
| Bottom of the 8th over - 0 runs, 0 hits, 0 errors, 0 left on base; Pittsburgh 4 - Los Angeles 6 |
| TOP OF THE 9TH |
|
Pittsburgh Pirates batting - Pitching for Los Angeles Dodgers : RHP Chut-sai Teoh
|
|
Now at 3B: Isaiah Yarbrough
|
|
|
Now in LF: Dusty Pollert
|
|
|
Pinch Hitting: RHB Lupe Covarrubias
|
0-0: Ball 1-0: Foul Ball, location: 2F 1-1: Ball 2-1: Swinging Strike 2-2: Ball 3-2: Fly out, F8 (Line Drive, 8RD, EV 85.0 MPH)
|
|
Batting: RHB Eisse Bravenboer
|
0-0: Ball 1-0: Ball 2-0: Ball 3-0: Base on Balls
|
|
Batting: RHB Raul Mendoza
|
0-0: Called Strike 0-1: Ball 1-1: Ball 2-1: Ball 3-1: Swinging Strike 3-2: Foul Ball, location: 2F 3-2: Strikes out swinging
|
|
Batting: RHB Steve Jordan
|
0-0: Ball 1-0: Ball 2-0: Ball 3-0: Foul Ball, location: 2F 3-1: Base on Balls Eisse Bravenboer to second
|
|
Batting: SHB Marvin McAleer
|
0-0: Called Strike 0-1: Ball 1-1: Foul Ball, location: 2F 1-2: Foul Ball, location: 2F 1-2: Ball 2-2: Foul Ball, location: 2F 2-2: SINGLE (Line Drive, 56D, EV 111.3 MPH) Eisse Bravenboer to third Steve Jordan to second
|
|
Pitching: RHP Stephen Stanley
|
|
|
Batting: RHB Mike Bates
|
0-0: Called Strike 0-1: Foul Ball, location: 2F 0-2: Ball 1-2: Strikes out swinging
|
| Top of the 9th over - 0 runs, 1 hit, 0 errors, 3 left on base; Pittsburgh 4 - Los Angeles 6 |
|